 Dungeon Crawl Stone Soup version 0.24-a0-140-gcaa6c10 (webtiles) character file.

Game seed: 11894518680806256212

94 galech the Skirmisher (level 4, 0/35 HPs)
             Began as a Demonspawn Fighter on Mar 4, 2019.
             Was an Initiate of Okawaru.
             Slain by a white imp (7 damage)
             ... summoned by Natasha
             ... on level 2 of the Dungeon.
             The game lasted 00:01:36 (1594 turns).

galech the Skirmisher (Demonspawn Fighter)          Turns: 1594, Time: 00:01:37

Health: 0/35       AC:  9    Str: 16    XL:     4   Next: 38%
Magic:  13/13      EV:  7    Int: 10    God:    Okawaru [......]
Gold:   160        SH:  9    Dex: 13    Spells: 3/3 levels left

rFire    + . .     SeeInvis .   a - +0 war axe
rCold    x . .     Gourm    .   c - +0 shield
rNeg     . . .     Faith    .   b - +0 scale mail
rPois    .         Spirit   .   (helmet restricted)
rElec    .         Reflect  .   (no cloak)
rCorr    .         Harm     .   (no gloves)
MR       .....                  e - +0 pair of boots
Stlth    ..........             (no amulet)
HPRegen  0.11/turn              l - ring of magical power
MPRegen  0.13/turn              s - ring of fire

@: slowed, very slow
A: antennae 1, molten scales 1
a: Renounce Religion


You were on level 2 of the Dungeon.
You worshipped Okawaru.
Okawaru was noncommittal.
You were very hungry.

You visited 1 branch of the dungeon, and saw 2 of its levels.

You collected 160 gold pieces.

Inventory:

Hand Weapons
 a - a +0 war axe (weapon)
Armour
 b - a +0 scale mail (worn)
 c - a +0 shield (worn)
 e - a +0 pair of boots (worn)
Jewellery
 l - a ring of magical power (left hand)
 s - a ring of fire (right hand)
Scrolls
 g - a scroll of amnesia {unknown}
 j - a scroll of enchant armour {unknown}
 k - a scroll of random uselessness {unknown}
 m - 3 scrolls of remove curse {unknown}
 o - 2 scrolls of identify {unknown}
 p - 2 scrolls of immolation {unknown}
 q - a scroll of blinking {unknown}
 t - a scroll of fear {unknown}
Potions
 d - a potion of might
 h - a potion of magic {unknown}
 i - a potion of cancellation {unknown}
 n - a potion of lignification
 r - a potion of heal wounds {unknown}
Comestibles
 f - 5 rations


   Skills:
 + Level 3.4 Fighting
 + Level 2.8 Axes
 + Level 3.1 Armour
 + Level 1.3 Dodging
 + Level 3.1 Shields


You had 3 spell levels left.
You didn't know any spells.
Your spell library was empty.

Dungeon Overview and Level Annotations

Branches:
Dungeon (2/15)

Altars:
Okawaru

Annotations:
D:2 Natasha


Innate Abilities, Weirdness & Mutations

You have a pair of small antennae on your head.
You are partially covered in molten scales. (AC +2)


Message History

The white imp hits you but does no damage.
You miss Natasha.
Natasha is lightly wounded.
You closely miss the white imp. Natasha barely misses you.
You block the white imp's attack.
Natasha howls an incantation.
Natasha's front paws start to glow.
Natasha stares at you and mumbles some strange words.
You feel yourself slow down.
You barely miss Natasha.
Natasha is lightly wounded.
Your shield and scale mail prevent you from hitting the white imp.
The white imp hits you but does no damage.
Natasha stares at you and mumbles some strange words.
The magic dart hits you.
* * * LOW HITPOINT WARNING * * *
The white imp hits you.
* * * LOW HITPOINT WARNING * * *
The white imp freezes you!
You feel a terrible chill!
You die...

########## ##### #........#
....########### #........#
..............###........#
..#.#.......#............# ######
..###.#..##.##......^....# #.....
.........##.##........(..###.#.<.
.####.##.##.##..@..........#.#..#
...##.##.##.##..h5..######...#...
.#.##.##.##.##......# #...#...
.#..........<#......# #.#.#.#.
...............)....# #.......
<.....####.#.#......# #...###.
#.#...+....#.#......# #.#...#.
..#...#...)..#......##+###.###.##
.##...#......####'#........# #...


You could see Natasha and a white imp.

Vanquished Creatures
  Natasha (twice) (D:2)
  An adder (D:2)
  An ooze (D:2)
  A dart slug (D:1)
  A leopard gecko (D:1)
  An orc (D:2)
  5 bats
  4 goblins
  A hobgoblin (D:2)
  5 jackals
  A ball python (D:1)
  A frilled lizard (D:2)
  4 kobolds (D:2)
  2 rats
30 creatures vanquished.

Notes
Turn   | Place    | Note
-------+----------+-------------------------------------------
     0 | D:1      | galech the Demonspawn Fighter began the quest for the Orb.
     0 | D:1      | Reached XP level 1. HP: 18/18 MP: 1/1
   123 | D:1      | Gained mutation: You have a pair of small antennae on your
                  | head. [demonic ancestry]
   123 | D:1      | Reached XP level 2. HP: 24/24 MP: 2/2
   782 | D:2      | Found an iron altar of Okawaru.
   807 | D:2      | Reached XP level 3. HP: 19/29 MP: 3/3
   829 | D:2      | Became a worshipper of Warmaster Okawaru
   897 | D:2      | Found a faded altar of an unknown god.
   956 | D:2      | Noticed Natasha
   968 | D:2      | Killed Natasha
   968 | D:2      | Reached skill level 1 in Dodging
   978 | D:2      | Gained mutation: You are partially covered in molten
                  | scales. (AC +2) [demonic ancestry]
   978 | D:2      | Reached XP level 4. HP: 5/35 MP: 4/4
  1327 | D:2      | Noticed Natasha
  1344 | D:2      | Killed Natasha
  1387 | D:2      | Noticed Natasha
  1594 | D:2      | Slain by a white imp

Levels and vault maps discovered:
D:1:      psy_arrival_dodecagon, layout_basic
D:2:      layout_basic, chequers_ecumenical_altar_lobes, nrook_mini_vaults,
          okawaru_altar_gauntlet_db, uniq_natasha

Skill      XL: |  1  2  3 |
---------------+----------+-----
Axes           | 2 |  2.8
Armour         | 3 |  3.1
Dodging        | 1 |  1.3
Shields        | 3 |  3.1
Fighting       | |  3.4

Action                   |  1- 3 |  4- 6 || total
-------------------------+-------+-------++-------
Melee: War axe           |    82 |    24 ||   106
  Use: Potion            |     1 |     1 ||     2
  Eat: Chunk             |       |     1 ||     1
Armor: Scale mail        |    54 |    17 ||    71
Dodge: Dodged            |    54 |     6 ||    60
Block: Shield            |    55 |    10 ||    65

Table legend:
 A = Non-vault XP
 B = Vault XP
 C = Vault XP percentage of total XP
 D = Non-vault monster count
 E = Vault monster count
 F = Vault count percentage of total count
                 A         B        C        D         E       F
            +---------+---------+-------+---------+---------+-------
      Total |      91 |      44 |  32.6 |      23 |       7 |  23.3
            +---------+---------+-------+---------+---------+-------
        D:1 |      22 |       0 |   0.0 |      11 |       0 |   0.0
        D:2 |      69 |      44 |  38.9 |      12 |       7 |  36.8
            +---------+---------+-------+---------+---------+-------
